Rafales vs Sasquatch
Created - 22 avril 2016 at 20:43
Goals
|
| Rafales |
4 |
2 |
0 |
6 |
| Sasquatch |
1 |
2 |
1 |
4 |
|
Shots
|
| Rafales |
11 |
10 |
11 |
32 |
| Sasquatch |
9 |
19 |
14 |
42 |
|
1st period
1. Sasquatch , D.J King 52 (Linus Omark, Kevin Porter) at 3:39 (PP)
2. Rafales , Johan Ryno 16 (Carl Klingberg) at 4:53
3. Rafales , Matt Gilroy 5 (Jeff Skinner, Jonathan Rheault) at 14:17
4. Rafales , Dmitry Kulikov 10 (Ryan Ellis) at 15:56
5. Rafales , Tim Crowder 15 (Marc-André Gragnani, Kevin Veilleux) at 19:09
Penalties :
Mark Fayne (Stf) for Tripping (Minor) at 2:12, Jeff Skinner (Stf) for Hooking (Minor) at 8:35, Mike Sislo (Stf) for Hooking (Minor) at 19:45
2nd period
6. Rafales , Carl Klingberg 5 (Johan Ryno, Tim Crowder) at 2:33
7. Rafales , Ryan Ellis 15 (Mike Sislo) at 11:38
8. Sasquatch , Stephane Da Costa 15 (Jonathan Blum, Andrej Sustr) at 16:42
9. Sasquatch , Cam Atkinson 29 (Derek Stepan, Josh Bailey) at 19:00
Penalties :
Dan Fritsche (Stf) for Roughing (Minor) at 9:41, Kevin Porter (Gat) for Hooking (Minor) at 10:28
3rd period
10. Sasquatch , Derek Stepan 27 (Cam Atkinson, Yann Sauvé) at 18:07 (PP)
Penalties :
Jeff Skinner (Stf) for Hooking (Minor) at 0:50, Arturs Kulda (Gat) for Hooking (Minor) at 2:32, Dmitry Kulikov (Stf) for Holding (Minor) at 10:46, Mike Sislo (Stf) for Boarding (Minor) at 16:53
Goalie Stats
Loïc Lacasse (Stf), 38 saves from 42 shots - (0,905), W, 31-18-6, 60:00 minutes
Braden Holtby (Gat), 7 saves from 11 shots - (0,636), 19:09 minutes
Jake Allen (Gat), 19 saves from 21 shots - (0,905), L, 9-5-2, 40:51 minutes
Players Stats for Rafales
Player Name G A P +/- PIM S H SB GA TA FO MP PP MP PK MP
------------------------------------------------------------------------------------
Bruno Gervais 0 0 0 -1 0 2 3 3 1 0 0/0 27:20 1:29 6:51
Carl Klingberg 1 1 2 2 0 3 2 0 0 0 0/2 7:06 0:00 1:06
Chris Terry 0 0 0 0 0 0 0 0 0 0 0/0 0:28 0:05 0:00
Cody McLeod 0 0 0 -1 0 3 0 0 1 1 12/20 23:22 1:03 6:33
Dan Fritsche 0 0 0 -1 2 1 1 1 0 0 14/26 19:07 1:10 3:17
Dmitry Kulikov 1 0 1 1 2 1 1 3 0 0 0/0 19:23 1:00 3:32
Geoff Paukovich 0 0 0 1 0 1 0 0 0 0 2/2 4:09 0:08 0:00
James Marcou 0 0 0 0 0 0 0 0 0 0 0/0 0:00 0:00 0:00
Jayson Megna 0 0 0 2 0 0 1 0 0 0 0/4 5:56 0:00 0:00
Jeff Skinner 0 1 1 1 4 3 2 0 1 0 0/0 11:23 0:01 0:00
Johan Ryno 1 1 2 2 0 2 0 0 0 0 0/0 5:56 0:00 0:00
Jonas Junland 0 0 0 2 0 0 0 1 0 1 0/0 8:34 0:00 0:00
Jonathan Rheault 0 1 1 1 0 2 1 0 0 0 0/0 11:22 0:00 0:00
Julian Melchiori 0 0 0 0 0 0 0 0 0 0 0/0 0:00 0:00 0:00
Kevin Veilleux 0 1 1 1 0 0 1 1 1 0 2/5 10:31 1:18 0:00
Marc-André Gragnani 0 1 1 2 0 0 0 0 0 0 0/0 3:58 0:00 0:00
Mark Fayne 0 0 0 2 2 0 0 0 0 0 0/0 3:57 0:00 0:00
Matt Gilroy 1 0 1 2 0 1 1 0 0 1 0/0 9:18 0:00 0:44
Michael Bournival 0 0 0 0 0 0 0 1 0 0 0/0 2:21 0:00 2:01
Mike Sislo 0 1 1 2 4 1 0 0 0 0 1/2 16:45 1:18 2:32
Milan Bartovic 0 0 0 -1 0 7 0 0 1 0 1/2 23:37 1:06 6:45
Petr Kalus 0 0 0 1 0 0 0 1 0 0 2/4 11:22 0:00 0:00
Ryan Ellis 1 1 2 1 0 3 0 2 1 1 0/0 20:08 1:00 4:16
Tim Crowder 1 1 2 1 0 2 2 0 1 0 0/0 13:54 1:18 0:00
Willie Mitchell 0 0 0 -1 0 0 1 6 1 2 0/0 27:20 1:29 6:51
Players Stats for Sasquatch
Player Name G A P +/- PIM S H SB GA TA FO MP PP MP PK MP
------------------------------------------------------------------------------------
Andrej Sustr 0 1 1 0 0 1 1 0 0 0 0/0 15:30 0:00 0:42
Arturs Kulda 0 0 0 -2 2 1 2 0 0 0 0/0 18:30 5:14 0:23
Cam Atkinson 1 1 2 0 0 3 2 1 2 0 1/3 23:11 6:57 0:00
D.J King 1 0 1 0 0 1 0 1 0 0 0/0 5:21 1:49 0:00
Derek Stepan 1 1 2 1 0 11 0 3 0 0 19/41 24:45 7:15 0:24
Drew Shore 0 0 0 -4 0 0 1 0 1 0 1/5 10:32 0:00 1:18
Filip Novak 0 0 0 -2 0 2 1 5 0 1 0/0 29:41 5:52 1:24
Jason Akeson 0 0 0 0 0 3 1 0 0 0 0/1 19:20 7:00 0:00
Jonathan Blum 0 1 1 -1 0 3 4 3 0 1 0/0 23:16 5:52 1:24
Josh Bailey 0 1 1 0 0 4 1 0 0 2 0/0 21:20 0:24 1:11
Kevin Porter 0 1 1 0 2 3 1 0 1 0 6/10 16:50 3:51 0:36
Linden Vey 0 0 0 -4 0 1 0 0 1 0 0/0 10:57 1:54 0:00
Linus Omark 0 1 1 0 0 3 1 0 1 1 1/1 18:01 3:52 0:00
Michal Jordan 0 0 0 -1 0 1 1 0 0 0 0/0 10:22 0:00 0:41
Stephane Da Costa 1 0 1 0 0 3 1 1 0 0 5/6 7:41 0:00 0:11
Teemu Hartikainen 0 0 0 -4 0 1 2 0 0 0 0/0 8:46 0:00 0:00
Vitali Yachmenev 0 0 0 0 0 0 1 0 0 1 0/0 9:09 0:18 1:18
Yann Sauvé 0 1 1 -2 0 1 1 2 0 2 0/0 22:48 5:15 0:24
3 Stars
1 - Carl Klingberg (Stf)
2 - Johan Ryno (Stf)
3 - Tim Crowder (Stf)
Power Play
Rafales - 0 on 2 Attempt(s) - 0,00%
Sasquatch - 2 on 7 Attempt(s) - 28,57%
Penalty Kill
Rafales - 5 on 7 Attempt(s) - 71,43%
- Score 0 goal in Penalty Kill
Sasquatch - 2 on 2 Attempt(s) - 100,00%
- Score 0 goal in Penalty Kill
Team Stat
Rafales - Hits : 16 - Faceoff Wins : 34 - Blocked Shots : 19 - Penalty Minutes : 14
Sasquatch - Hits : 21 - Faceoff Wins : 33 - Blocked Shots : 16 - Penalty Minutes : 4
Official
Referees : Kozari Steve and Kowal Tom
Linesman : Don Henderson and Mark Pare
Game Notes
D.J King is injured at 16:06 of 1st period (Strained Right Elbow)
Jake Allen enters game at 19:09 of 1st period
Kevin Veilleux is injured at 5:35 of 3rd period (Groin)
Finance
Level 1 -- Attendance: 1465 (73,25%) -- Ticket Income 51 275 $
Level 2 -- Attendance: 777 (77,70%) -- Ticket Income 11 655 $
Total Attendance: 2242 (74,73%)
Total Ticket Income: 62 930 $
Other Income: 3 146 $
Total Income: 66 076 $
Rafales
5 vs 5 Forward
Center Left Wing Right Wing Time % Phy DF OF
1 Dan Fritsche Cody McLeod Milan Bartovic 40 1 2 2
2 Kevin Veilleux Mike Sislo Tim Crowder 30 1 2 2
3 Petr Kalus Jeff Skinner Jonathan Rheault 20 1 2 2
4 Jayson Megna Carl Klingberg Johan Ryno 10 1 2 2
5 vs 5 Defense
Defense Defense Time % Phy DF OF
1 Willie Mitchell Bruno Gervais 40 1 2 2
2 Ryan Ellis Dmitry Kulikov 30 1 2 2
3 Matt Gilroy Jonas Junland 20 1 2 2
4 Marc-André Gragnani Mark Fayne 10 1 2 2
PowerPlay Forward
Center Left Wing Right Wing Time % Phy DF OF
1 Dan Fritsche Cody McLeod Milan Bartovic 60 1 2 2
2 Kevin Veilleux Mike Sislo Tim Crowder 40 1 2 2
PowerPlay Defense
Defense Defense Time % Phy DF OF
1 Willie Mitchell Bruno Gervais 60 1 2 2
2 Ryan Ellis Dmitry Kulikov 40 1 2 2
Penalty Kill 4 Players Forward
Center Wing Time % Phy DF OF
1 Cody McLeod Milan Bartovic 60 1 2 2
2 Dan Fritsche Mike Sislo 40 1 2 2
Penalty Kill 4 Players Defense
Defense Defense Time % Phy DF OF
1 Willie Mitchell Bruno Gervais 60 1 2 2
2 Ryan Ellis Dmitry Kulikov 40 1 2 2
Penalty Kill - 3 Players Forward
Forward Time % Phy DF OF
1 Cody McLeod 60 1 2 2
2 Milan Bartovic 40 1 2 2
Penalty Kill - 3 Players Defense
Defense Defense Time % Phy DF OF
1 Willie Mitchell Bruno Gervais 60 1 2 2
2 Ryan Ellis Dmitry Kulikov 40 1 2 2
4 vs 4 Forward
Center Wing Time % Phy DF OF
1 Cody McLeod Milan Bartovic 60 1 2 2
2 Dan Fritsche Mike Sislo 40 1 2 2
4 vs 4 Defense
Defense Defense Time % Phy DF OF
1 Willie Mitchell Bruno Gervais 60 1 2 2
2 Ryan Ellis Dmitry Kulikov 40 1 2 2
Last Minutes Offensive
Center Left Wing Right Wing Defense Defense
Dan Fritsche Cody McLeod Milan Bartovic Willie Mitchell Bruno Gervais
Last Minutes Defensive
Center Left Wing Right Wing Defense Defense
Dan Fritsche Cody McLeod Milan Bartovic Willie Mitchell Bruno Gervais
Goaltenders
Starting : Loïc Lacasse
Backup : Eddie Lack
Extra Forwards
Normal : Geoff Paukovich, Chris Terry, Michael Bournival - PP : Geoff Paukovich, Chris Terry - PK : Michael Bournival
Extra Defensemen
Normal : Julian Melchiori, Matt Gilroy, Jonas Junland - PP : Julian Melchiori - PK : Matt Gilroy, Jonas Junland
Penalty Shots
Cody McLeod, Milan Bartovic, Dan Fritsche, Mike Sislo, Tim Crowder
Sasquatch
5 vs 5 Forward
Center Left Wing Right Wing Time % Phy DF OF
1 Derek Stepan D.J King Cam Atkinson 40 1 2 2
2 Kevin Porter Linus Omark Jason Akeson 30 1 2 2
3 Stephane Da Costa Josh Bailey Vitali Yachmenev 20 1 2 2
4 Drew Shore Teemu Hartikainen Linden Vey 10 1 2 2
5 vs 5 Defense
Defense Defense Time % Phy DF OF
1 Filip Novak Yann Sauvé 40 1 2 2
2 Jonathan Blum Andrej Sustr 30 1 2 2
3 Michal Jordan Arturs Kulda 20 1 2 2
4 Filip Novak Arturs Kulda 10 1 2 2
PowerPlay Forward
Center Left Wing Right Wing Time % Phy DF OF
1 Derek Stepan D.J King Cam Atkinson 60 1 2 2
2 Kevin Porter Linus Omark Jason Akeson 40 1 2 2
PowerPlay Defense
Defense Defense Time % Phy DF OF
1 Filip Novak Jonathan Blum 60 1 2 2
2 Yann Sauvé Arturs Kulda 40 1 2 2
Penalty Kill 4 Players Forward
Center Wing Time % Phy DF OF
1 D.J King Vitali Yachmenev 60 1 2 2
2 Kevin Porter Linus Omark 40 1 2 2
Penalty Kill 4 Players Defense
Defense Defense Time % Phy DF OF
1 Filip Novak Arturs Kulda 60 1 2 2
2 Andrej Sustr Yann Sauvé 40 1 2 2
Penalty Kill - 3 Players Forward
Forward Time % Phy DF OF
1 Vitali Yachmenev 60 1 2 2
2 Derek Stepan 40 1 2 2
Penalty Kill - 3 Players Defense
Defense Defense Time % Phy DF OF
1 Filip Novak Arturs Kulda 60 1 2 2
2 Jonathan Blum Yann Sauvé 40 1 2 2
4 vs 4 Forward
Center Wing Time % Phy DF OF
1 Derek Stepan D.J King 60 1 2 2
2 Kevin Porter Linus Omark 40 1 2 2
4 vs 4 Defense
Defense Defense Time % Phy DF OF
1 Filip Novak Arturs Kulda 60 1 2 2
2 Jonathan Blum Yann Sauvé 40 1 2 2
Last Minutes Offensive
Center Left Wing Right Wing Defense Defense
Derek Stepan D.J King Vitali Yachmenev Filip Novak Jonathan Blum
Last Minutes Defensive
Center Left Wing Right Wing Defense Defense
Kevin Porter Linus Omark Vitali Yachmenev Yann Sauvé Arturs Kulda
Goaltenders
Starting : Braden Holtby
Backup : Jake Allen
Extra Forwards
Normal : Josh Bailey, D.J King, Cam Atkinson - PP : Jason Akeson, Linden Vey - PK : Kevin Porter
Extra Defensemen
Normal : Andrej Sustr, Michal Jordan, Filip Novak - PP : Andrej Sustr - PK : Michal Jordan, Filip Novak
Penalty Shots
Cam Atkinson, Linus Omark, Kevin Porter, Vitali Yachmenev, Jason Akeson
% Time on Ice - Rafales
Lines # - Real PCT - Wanted PCT - Time Play
Normal Forward
1 - 33% - 40% - 14:59
2 - 28% - 30% - 12:38
3 - 25% - 20% - 11:22
4 - 13% - 10% - 5:56
Normal Defense
1 - 40% - 40% - 18:03
2 - 32% - 30% - 14:20
3 - 19% - 20% - 8:34
4 - 9% - 10% - 3:58
PP Forward
1 - 48% - 60% - 1:11
2 - 52% - 40% - 1:18
PP Defense
1 - 60% - 60% - 1:29
2 - 40% - 40% - 1:00
PK Forward
1 - 69% - 60% - 7:37
2 - 31% - 40% - 3:30
PK Defense
1 - 62% - 60% - 6:51
2 - 38% - 40% - 4:16
PK3 Forward
1 - 0% - 60%
2 - 0% - 40%
PK3 Defense
1 - 0% - 60%
2 - 0% - 40%
44 Forward
1 - 83% - 60% - 1:14
2 - 17% - 40% - 0:15
44 Defense
1 - 64% - 60% - 0:57
2 - 36% - 40% - 0:32
Last Minute Offensive - 0:00
Last Minute Defensive - 0:00
Total
Forward - 60:00
Defense - 60:00
|
% Time on Ice - Sasquatch
Lines # - Real PCT - Wanted PCT - Time Play
Normal Forward
1 - 36% - 40% - 16:19
2 - 27% - 30% - 12:20
3 - 17% - 20% - 7:30
4 - 20% - 10% - 8:46
Normal Defense
1 - 43% - 40% - 19:09
2 - 33% - 30% - 15:02
3 - 19% - 20% - 8:38
4 - 5% - 10% - 2:06
PP Forward
1 - 65% - 60% - 7:15
2 - 35% - 40% - 3:52
PP Defense
1 - 53% - 60% - 5:52
2 - 47% - 40% - 5:15
PK Forward
1 - 100% - 60% - 2:29
2 - 0% - 40% - 0:00
PK Defense
1 - 84% - 60% - 2:05
2 - 16% - 40% - 0:24
PK3 Forward
1 - 0% - 60%
2 - 0% - 40%
PK3 Defense
1 - 0% - 60%
2 - 0% - 40%
44 Forward
1 - 100% - 60% - 1:29
2 - 0% - 40% - 0:00
44 Defense
1 - 98% - 60% - 1:27
2 - 2% - 40% - 0:02
Last Minute Offensive - 0:00
Last Minute Defensive - 0:00
Total
Forward - 60:00
Defense - 60:00
|
Play by Play
1st period
0:01 of 1st period - Derek Stepan wins face-off versus Cody McLeod in neutral zone.
0:25 of 1st period - Yann Sauvé is hit by Bruno Gervais and loses puck.
0:31 of 1st period - Off-side.
0:32 of 1st period - Stephane Da Costa wins face-off versus Petr Kalus in neutral zone.
1:23 of 1st period - Snap shot by Cody McLeod.
1:23 of 1st period - Shot Misses the Net.
1:27 of 1st period - Slapshot by Milan Bartovic.
1:27 of 1st period - Stopped by Braden Holtby with a rebound.
1:29 of 1st period - Snap shot by Dan Fritsche.
1:29 of 1st period - Shot Blocked by Derek Stepan.
2:08 of 1st period - Wrist shot by Vitali Yachmenev.
2:08 of 1st period - Deflect By Stephane Da Costa.
2:08 of 1st period - Shot Blocked by Willie Mitchell.
2:08 of 1st period - Puck is out of play.
2:09 of 1st period - Dan Fritsche wins face-off versus Derek Stepan in Rafales zone.
2:09 of 1st period - Dan Fritsche is hit by Michal Jordan.
2:12 of 1st period - Minor Penalty to Mark Fayne for Tripping.
2:13 of 1st period - Derek Stepan wins face-off versus Cody McLeod in Rafales zone.
2:15 of 1st period - Snap shot by Derek Stepan.
2:15 of 1st period - Shot Blocked by Bruno Gervais.
2:39 of 1st period - Milan Bartovic is hit by Arturs Kulda and loses puck.
3:27 of 1st period - Icing by Filip Novak.
3:28 of 1st period - Kevin Porter wins face-off versus Dan Fritsche in Sasquatch zone.
3:35 of 1st period - Wrist shot by Linus Omark.
3:35 of 1st period - Stopped by Loïc Lacasse with a rebound.
3:39 of 1st period - Slapshot by D.J King.
3:39 of 1st period - Goal by D.J King - Rafales : 0 - Sasquatch : 1.
3:40 of 1st period - Derek Stepan wins face-off versus Milan Bartovic in neutral zone.
3:56 of 1st period - Slapshot by Bruno Gervais.
3:56 of 1st period - Shot Misses the Net.
4:06 of 1st period - Willie Mitchell is hit by Jason Akeson and loses puck.
4:15 of 1st period - Wrist shot by Mike Sislo.
4:15 of 1st period - Shot Misses the Net.
4:31 of 1st period - Wrist shot by Stephane Da Costa.
4:31 of 1st period - Stopped by Loïc Lacasse with a rebound.
4:53 of 1st period - Snap shot by Johan Ryno.
4:53 of 1st period - Goal by Johan Ryno - Rafales : 1 - Sasquatch : 1.
4:54 of 1st period - Dan Fritsche wins face-off versus Derek Stepan in neutral zone.
4:54 of 1st period - Dan Fritsche is hit by Arturs Kulda.
5:08 of 1st period - Wrist shot by Cody McLeod.
5:08 of 1st period - Deflect By Milan Bartovic.
5:08 of 1st period - Stopped by Braden Holtby without a rebound.
5:09 of 1st period - Kevin Porter wins face-off versus Kevin Veilleux in Sasquatch zone.
5:15 of 1st period - Icing by Kevin Porter.
5:16 of 1st period - Kevin Veilleux wins face-off versus Kevin Porter in Sasquatch zone.
6:00 of 1st period - Wrist shot by Kevin Porter.
6:00 of 1st period - Shot Blocked by Bruno Gervais.
6:02 of 1st period - Wrist shot by Michal Jordan.
6:02 of 1st period - Stopped by Loïc Lacasse without a rebound.
6:03 of 1st period - Derek Stepan wins face-off versus Dan Fritsche in Rafales zone.
6:59 of 1st period - Drew Shore is hit by Carl Klingberg and loses puck.
7:36 of 1st period - Wrist shot by Tim Crowder.
7:36 of 1st period - Stopped by Braden Holtby with a rebound.
8:00 of 1st period - Icing by Arturs Kulda.
8:01 of 1st period - Stephane Da Costa wins face-off versus Dan Fritsche in Sasquatch zone.
8:06 of 1st period - Slapshot by Josh Bailey.
8:06 of 1st period - Stopped by Loïc Lacasse with a rebound.
8:33 of 1st period - Snap shot by Stephane Da Costa.
8:33 of 1st period - Shot Misses the Net.
8:35 of 1st period - Minor Penalty to Jeff Skinner for Hooking.
8:36 of 1st period - Cody McLeod wins face-off versus Derek Stepan in Rafales zone.
9:15 of 1st period - Wrist shot by Kevin Porter.
9:15 of 1st period - Shot Blocked by Dmitry Kulikov.
9:25 of 1st period - Filip Novak is hit by Dmitry Kulikov and loses puck.
10:32 of 1st period - Filip Novak is hit by Dan Fritsche.
10:35 of 1st period - Penalty to Jeff Skinner is over, Jeff Skinner is back on ice.
11:06 of 1st period - Johan Ryno is hit by Stephane Da Costa and loses puck.
11:13 of 1st period - Wrist shot by Carl Klingberg.
11:13 of 1st period - Shot Misses the Net.
12:35 of 1st period - Stephane Da Costa is hit by Tim Crowder and loses puck.
13:11 of 1st period - Off-side.
13:12 of 1st period - Kevin Porter wins face-off versus Jayson Megna in neutral zone.
13:54 of 1st period - Mike Sislo is hit by Filip Novak and loses puck.
13:59 of 1st period - Snap shot by Stephane Da Costa.
13:59 of 1st period - Shot Blocked by Kevin Veilleux.
14:15 of 1st period - Snap shot by Jeff Skinner.
14:15 of 1st period - Stopped by Braden Holtby with a rebound.
14:17 of 1st period - Slapshot by Matt Gilroy.
14:17 of 1st period - Goal by Matt Gilroy - Rafales : 2 - Sasquatch : 1.
14:18 of 1st period - Derek Stepan wins face-off versus Dan Fritsche in neutral zone.
14:30 of 1st period - Snap shot by Dan Fritsche.
14:30 of 1st period - Shot Misses the Net.
14:32 of 1st period - Wrist shot by Milan Bartovic.
14:32 of 1st period - Shot Blocked by Cam Atkinson.
14:34 of 1st period - Slapshot by Willie Mitchell.
14:34 of 1st period - Shot Misses the Net.
14:44 of 1st period - Cam Atkinson is hit by Jonathan Rheault.
14:58 of 1st period - Snap shot by Derek Stepan.
14:58 of 1st period - Stopped by Loïc Lacasse with a rebound.
15:14 of 1st period - Slapshot by Linus Omark.
15:14 of 1st period - Stopped by Loïc Lacasse with a rebound.
15:34 of 1st period - Slapshot by Stephane Da Costa.
15:34 of 1st period - Stopped by Loïc Lacasse with a rebound.
15:50 of 1st period - Andrej Sustr is hit by Carl Klingberg.
15:56 of 1st period - Slapshot by Dmitry Kulikov.
15:56 of 1st period - Goal by Dmitry Kulikov - Rafales : 3 - Sasquatch : 1.
15:57 of 1st period - Derek Stepan wins face-off versus Dan Fritsche in neutral zone.
16:06 of 1st period - Snap shot by Cody McLeod.
16:06 of 1st period - Shot Blocked by D.J King.
16:06 of 1st period - D.J King from Sasquatch is injured at 16:06 of 1st period (Strained Right Elbow).
16:07 of 1st period - Derek Stepan wins face-off versus Dan Fritsche in Sasquatch zone.
16:12 of 1st period - Snap shot by Derek Stepan.
16:12 of 1st period - Stopped by Loïc Lacasse with a rebound.
16:18 of 1st period - Slapshot by Bruno Gervais.
16:18 of 1st period - Shot Blocked by Filip Novak.
16:20 of 1st period - Slapshot by Milan Bartovic.
16:20 of 1st period - Shot Misses the Net.
16:22 of 1st period - Snap shot by Dan Fritsche.
16:22 of 1st period - Stopped by Braden Holtby with a rebound.
16:53 of 1st period - Snap shot by Jonathan Rheault.
16:53 of 1st period - Shot Misses the Net.
16:57 of 1st period - Slapshot by Jonathan Rheault.
16:57 of 1st period - Stopped by Braden Holtby with a rebound.
16:59 of 1st period - Backhand shot by Matt Gilroy.
16:59 of 1st period - Shot Blocked by Filip Novak.
17:21 of 1st period - Wrist shot by Jeff Skinner.
17:21 of 1st period - Stopped by Braden Holtby without a rebound.
17:22 of 1st period - Dan Fritsche wins face-off versus Cam Atkinson in Sasquatch zone.
17:49 of 1st period - Tim Crowder is hit by Kevin Porter and loses puck.
18:59 of 1st period - Wrist shot by Jeff Skinner.
18:59 of 1st period - Shot Misses the Net.
19:01 of 1st period - Slapshot by Mark Fayne.
19:01 of 1st period - Shot Blocked by Yann Sauvé.
19:03 of 1st period - Snap shot by Kevin Veilleux.
19:03 of 1st period - Shot Blocked by Filip Novak.
19:05 of 1st period - Snap shot by Tim Crowder.
19:05 of 1st period - Shot Misses the Net.
19:07 of 1st period - Slapshot by Marc-André Gragnani.
19:07 of 1st period - Shot Misses the Net.
19:09 of 1st period - Snap shot by Tim Crowder.
19:09 of 1st period - Goal by Tim Crowder - Rafales : 4 - Sasquatch : 1.
19:09 of 1st period - Jake Allen enters game.
19:10 of 1st period - Dan Fritsche wins face-off versus Derek Stepan in neutral zone.
19:37 of 1st period - Jason Akeson is hit by Kevin Veilleux and loses puck.
19:45 of 1st period - Minor Penalty to Mike Sislo for Hooking.
19:46 of 1st period - Cody McLeod wins face-off versus Derek Stepan in Rafales zone.
Goals for this period are 4 for Rafales vs 1 for Sasquatch.
Shots for this period are 11 for Rafales vs 9 for Sasquatch.
2nd period
0:01 of 2nd period - Derek Stepan wins face-off versus Cody McLeod in neutral zone.
0:06 of 2nd period - Snap shot by Derek Stepan.
0:06 of 2nd period - Stopped by Loïc Lacasse without a rebound.
0:07 of 2nd period - Derek Stepan wins face-off versus Cody McLeod in Rafales zone.
0:39 of 2nd period - Ryan Ellis is hit by Jonathan Blum and loses puck.
1:45 of 2nd period - Penalty to Mike Sislo is over, Mike Sislo is back on ice.
1:58 of 2nd period - Jeff Skinner is hit by Teemu Hartikainen and loses puck.
2:33 of 2nd period - Snap shot by Carl Klingberg.
2:33 of 2nd period - Goal by Carl Klingberg - Rafales : 5 - Sasquatch : 1.
2:34 of 2nd period - Dan Fritsche wins face-off versus Derek Stepan in neutral zone.
2:36 of 2nd period - Off-side.
2:37 of 2nd period - Dan Fritsche wins face-off versus Derek Stepan in neutral zone.
2:50 of 2nd period - Slapshot by Derek Stepan.
2:50 of 2nd period - Stopped by Loïc Lacasse without a rebound.
2:51 of 2nd period - Dan Fritsche wins face-off versus Derek Stepan in Rafales zone.
3:41 of 2nd period - Drew Shore is hit by Jeff Skinner and loses puck.
3:48 of 2nd period - Slapshot by Filip Novak.
3:48 of 2nd period - Deflect By Teemu Hartikainen.
3:48 of 2nd period - Shot Blocked by Dmitry Kulikov.
3:48 of 2nd period - Puck is out of play.
3:49 of 2nd period - Derek Stepan wins face-off versus Dan Fritsche in Rafales zone.
4:02 of 2nd period - Slapshot by Dan Fritsche.
4:02 of 2nd period - Shot Blocked by Jonathan Blum.
4:16 of 2nd period - Jonathan Blum is hit by Bruno Gervais.
4:38 of 2nd period - Wrist shot by Linden Vey.
4:38 of 2nd period - Stopped by Loïc Lacasse without a rebound.
4:39 of 2nd period - Dan Fritsche wins face-off versus Drew Shore in Rafales zone.
4:39 of 2nd period - Dan Fritsche is hit by Drew Shore.
4:52 of 2nd period - Slapshot by Teemu Hartikainen.
4:52 of 2nd period - Stopped by Loïc Lacasse with a rebound.
4:54 of 2nd period - Slapshot by Filip Novak.
4:54 of 2nd period - Shot Blocked by Dan Fritsche.
5:48 of 2nd period - Slapshot by Ryan Ellis.
5:48 of 2nd period - Stopped by Jake Allen without a rebound.
5:49 of 2nd period - Derek Stepan wins face-off versus Carl Klingberg in Sasquatch zone.
6:00 of 2nd period - Snap shot by Cam Atkinson.
6:00 of 2nd period - Shot Misses the Net.
6:02 of 2nd period - Snap shot by Josh Bailey.
6:02 of 2nd period - Shot Blocked by Willie Mitchell.
6:50 of 2nd period - Wrist shot by Jonathan Rheault.
6:50 of 2nd period - Stopped by Jake Allen with a rebound.
6:52 of 2nd period - Slapshot by Jonas Junland.
6:52 of 2nd period - Shot Blocked by Derek Stepan.
7:10 of 2nd period - Snap shot by Linus Omark.
7:10 of 2nd period - Shot Blocked by Jonas Junland.
7:29 of 2nd period - Off-side.
7:30 of 2nd period - Stephane Da Costa wins face-off versus Kevin Veilleux in neutral zone.
7:54 of 2nd period - Icing by Bruno Gervais.
7:55 of 2nd period - Milan Bartovic wins face-off versus Derek Stepan in Rafales zone.
8:12 of 2nd period - Wrist shot by Dan Fritsche.
8:12 of 2nd period - Shot Misses the Net.
8:14 of 2nd period - Slapshot by Dan Fritsche.
8:14 of 2nd period - Shot Misses the Net.
8:16 of 2nd period - Slapshot by Milan Bartovic.
8:16 of 2nd period - Deflect By Cody McLeod.
8:16 of 2nd period - Stopped by Jake Allen with a rebound.
8:18 of 2nd period - Slapshot by Milan Bartovic.
8:18 of 2nd period - Stopped by Jake Allen without a rebound.
8:19 of 2nd period - Kevin Veilleux wins face-off versus Derek Stepan in Sasquatch zone.
9:07 of 2nd period - Icing by Bruno Gervais.
9:08 of 2nd period - Petr Kalus wins face-off versus Drew Shore in Rafales zone.
9:39 of 2nd period - Snap shot by Derek Stepan.
9:39 of 2nd period - Shot Blocked by Willie Mitchell.
9:41 of 2nd period - Minor Penalty to Dan Fritsche for Roughing.
9:42 of 2nd period - Cody McLeod wins face-off versus Derek Stepan in Rafales zone.
9:47 of 2nd period - Wrist shot by Derek Stepan.
9:47 of 2nd period - Shot Misses the Net.
9:51 of 2nd period - Wrist shot by Derek Stepan.
9:51 of 2nd period - Stopped by Loïc Lacasse with a rebound.
9:53 of 2nd period - Snap shot by Cam Atkinson.
9:53 of 2nd period - Shot Misses the Net.
9:55 of 2nd period - Backhand shot by Jonathan Blum.
9:55 of 2nd period - Deflect By Cody McLeod.
9:55 of 2nd period - Stopped by Loïc Lacasse with a rebound.
10:18 of 2nd period - Snap shot by Mike Sislo.
10:18 of 2nd period - Stopped by Jake Allen with a rebound.
10:20 of 2nd period - Snap shot by Willie Mitchell.
10:20 of 2nd period - Shot Blocked by Jonathan Blum.
10:22 of 2nd period - Snap shot by Willie Mitchell.
10:22 of 2nd period - Shot Misses the Net.
10:28 of 2nd period - Minor Penalty to Kevin Porter for Hooking.
10:29 of 2nd period - Cody McLeod wins face-off versus Derek Stepan in Sasquatch zone.
10:30 of 2nd period - Wrist shot by Milan Bartovic.
10:30 of 2nd period - Stopped by Jake Allen without a rebound.
10:31 of 2nd period - Cody McLeod wins face-off versus Derek Stepan in Sasquatch zone.
10:38 of 2nd period - Slapshot by Filip Novak.
10:38 of 2nd period - Stopped by Loïc Lacasse with a rebound.
10:40 of 2nd period - Snap shot by Derek Stepan.
10:40 of 2nd period - Stopped by Loïc Lacasse with a rebound.
10:44 of 2nd period - Wrist shot by Josh Bailey.
10:44 of 2nd period - Stopped by Loïc Lacasse with a rebound.
10:46 of 2nd period - Wrist shot by Arturs Kulda.
10:46 of 2nd period - Deflect By Cody McLeod.
10:46 of 2nd period - Stopped by Loïc Lacasse without a rebound.
10:47 of 2nd period - Derek Stepan wins face-off versus Cody McLeod in Rafales zone.
10:56 of 2nd period - Snap shot by Josh Bailey.
10:56 of 2nd period - Shot Blocked by Willie Mitchell.
11:38 of 2nd period - Slapshot by Ryan Ellis.
11:38 of 2nd period - Goal by Ryan Ellis - Rafales : 6 - Sasquatch : 1.
11:39 of 2nd period - Cody McLeod wins face-off versus Derek Stepan in neutral zone.
11:41 of 2nd period - Penalty to Dan Fritsche is over, Dan Fritsche is back on ice.
11:48 of 2nd period - Snap shot by Cody McLeod.
11:48 of 2nd period - Shot Blocked by Yann Sauvé.
12:02 of 2nd period - Slapshot by Cody McLeod.
12:02 of 2nd period - Shot Misses the Net.
12:04 of 2nd period - Wrist shot by Cody McLeod.
12:04 of 2nd period - Stopped by Jake Allen without a rebound.
12:05 of 2nd period - Drew Shore wins face-off versus Kevin Veilleux in Sasquatch zone.
12:28 of 2nd period - Penalty to Kevin Porter is over, Kevin Porter is back on ice.
13:00 of 2nd period - Snap shot by Linus Omark.
13:00 of 2nd period - Deflect By Kevin Porter.
13:00 of 2nd period - Shot Misses the Net.
13:00 of 2nd period - Puck is out of play.
13:01 of 2nd period - Dan Fritsche wins face-off versus Kevin Porter in Rafales zone.
13:01 of 2nd period - Dan Fritsche is hit by Jonathan Blum.
13:49 of 2nd period - Filip Novak is hit by Matt Gilroy and loses puck.
14:41 of 2nd period - Snap shot by Derek Stepan.
14:41 of 2nd period - Shot Misses the Net.
14:58 of 2nd period - Wrist shot by Jason Akeson.
14:58 of 2nd period - Shot Blocked by Ryan Ellis.
15:00 of 2nd period - Snap shot by Yann Sauvé.
15:00 of 2nd period - Stopped by Loïc Lacasse with a rebound.
15:04 of 2nd period - Wrist shot by Jason Akeson.
15:04 of 2nd period - Stopped by Loïc Lacasse with a rebound.
15:06 of 2nd period - Snap shot by Jason Akeson.
15:06 of 2nd period - Shot Hit the Post.
15:32 of 2nd period - Slapshot by Ryan Ellis.
15:32 of 2nd period - Stopped by Jake Allen with a rebound.
16:42 of 2nd period - Wrist shot by Stephane Da Costa.
16:42 of 2nd period - Goal by Stephane Da Costa - Rafales : 6 - Sasquatch : 2.
16:43 of 2nd period - Dan Fritsche wins face-off versus Stephane Da Costa in neutral zone.
17:10 of 2nd period - Cam Atkinson is hit by Willie Mitchell and loses puck.
17:35 of 2nd period - Slapshot by Kevin Porter.
17:35 of 2nd period - Stopped by Loïc Lacasse without a rebound.
17:36 of 2nd period - Kevin Porter wins face-off versus Jayson Megna in Rafales zone.
17:46 of 2nd period - Snap shot by Jason Akeson.
17:46 of 2nd period - Shot Misses the Net.
17:48 of 2nd period - Wrist shot by Kevin Porter.
17:48 of 2nd period - Stopped by Loïc Lacasse with a rebound.
17:50 of 2nd period - Slapshot by Jonathan Blum.
17:50 of 2nd period - Stopped by Loïc Lacasse without a rebound.
17:51 of 2nd period - Cody McLeod wins face-off versus Derek Stepan in Rafales zone.
17:58 of 2nd period - Snap shot by Derek Stepan.
17:58 of 2nd period - Stopped by Loïc Lacasse with a rebound.
18:00 of 2nd period - Wrist shot by Derek Stepan.
18:00 of 2nd period - Stopped by Loïc Lacasse with a rebound.
18:02 of 2nd period - Slapshot by Michal Jordan.
18:02 of 2nd period - Shot Misses the Net.
18:36 of 2nd period - Snap shot by Petr Kalus.
18:36 of 2nd period - Shot Misses the Net.
18:38 of 2nd period - Slapshot by Jonas Junland.
18:38 of 2nd period - Shot Blocked by Filip Novak.
18:40 of 2nd period - Slapshot by Petr Kalus.
18:40 of 2nd period - Shot Hit the Post.
19:00 of 2nd period - Snap shot by Cam Atkinson.
19:00 of 2nd period - Goal by Cam Atkinson - Rafales : 6 - Sasquatch : 3.
19:01 of 2nd period - Derek Stepan wins face-off versus Dan Fritsche in neutral zone.
19:10 of 2nd period - Snap shot by Cam Atkinson.
19:10 of 2nd period - Shot Blocked by Willie Mitchell.
Goals for this period are 2 for Rafales vs 2 for Sasquatch.
Shots for this period are 10 for Rafales vs 19 for Sasquatch.
3rd period
0:01 of 3rd period - Dan Fritsche wins face-off versus Derek Stepan in neutral zone.
0:14 of 3rd period - Slapshot by Filip Novak.
0:14 of 3rd period - Stopped by Loïc Lacasse with a rebound.
0:16 of 3rd period - Snap shot by Derek Stepan.
0:16 of 3rd period - Stopped by Loïc Lacasse with a rebound.
0:50 of 3rd period - Minor Penalty to Jeff Skinner for Hooking.
0:51 of 3rd period - Cody McLeod wins face-off versus Derek Stepan in Rafales zone.
2:04 of 3rd period - Slapshot by Bruno Gervais.
2:04 of 3rd period - Shot Blocked by Derek Stepan.
2:06 of 3rd period - Snap shot by Carl Klingberg.
2:06 of 3rd period - Stopped by Jake Allen without a rebound.
2:07 of 3rd period - Kevin Porter wins face-off versus Cody McLeod in Sasquatch zone.
2:32 of 3rd period - Minor Penalty to Arturs Kulda for Hooking.
2:33 of 3rd period - Cody McLeod wins face-off versus Derek Stepan in Sasquatch zone.
2:50 of 3rd period - Penalty to Jeff Skinner is over, Jeff Skinner is back on ice.
3:19 of 3rd period - Cody McLeod is hit by Vitali Yachmenev and loses puck.
4:32 of 3rd period - Penalty to Arturs Kulda is over, Arturs Kulda is back on ice.
4:51 of 3rd period - Wrist shot by Jeff Skinner.
4:51 of 3rd period - Stopped by Jake Allen with a rebound.
4:57 of 3rd period - Linus Omark is hit by Jeff Skinner and loses puck.
5:12 of 3rd period - Snap shot by Jason Akeson.
5:12 of 3rd period - Stopped by Loïc Lacasse without a rebound.
5:13 of 3rd period - Kevin Porter wins face-off versus Jayson Megna in Rafales zone.
5:34 of 3rd period - Kevin Veilleux is hit by Josh Bailey and loses puck.
5:35 of 3rd period - Kevin Veilleux from Rafales is injured at 5:35 of 3rd period (Groin).
5:36 of 3rd period - Derek Stepan wins face-off versus Dan Fritsche in Rafales zone.
5:41 of 3rd period - Snap shot by Josh Bailey.
5:41 of 3rd period - Stopped by Loïc Lacasse with a rebound.
5:49 of 3rd period - Wrist shot by Cody McLeod.
5:49 of 3rd period - Shot Misses the Net.
5:51 of 3rd period - Slapshot by Bruno Gervais.
5:51 of 3rd period - Stopped by Jake Allen without a rebound.
5:52 of 3rd period - Mike Sislo wins face-off versus Kevin Porter in Sasquatch zone.
6:05 of 3rd period - Snap shot by Tim Crowder.
6:05 of 3rd period - Shot Blocked by Jonathan Blum.
6:07 of 3rd period - Snap shot by Geoff Paukovich.
6:07 of 3rd period - Stopped by Jake Allen without a rebound.
6:08 of 3rd period - Dan Fritsche wins face-off versus Derek Stepan in Sasquatch zone.
6:11 of 3rd period - Snap shot by Cody McLeod.
6:11 of 3rd period - Stopped by Jake Allen without a rebound.
6:12 of 3rd period - Derek Stepan wins face-off versus Dan Fritsche in Sasquatch zone.
6:39 of 3rd period - Snap shot by Linus Omark.
6:39 of 3rd period - Stopped by Loïc Lacasse without a rebound.
6:40 of 3rd period - Geoff Paukovich wins face-off versus Kevin Porter in Rafales zone.
6:53 of 3rd period - Snap shot by Kevin Porter.
6:53 of 3rd period - Stopped by Loïc Lacasse with a rebound.
6:55 of 3rd period - Slapshot by Jonathan Blum.
6:55 of 3rd period - Stopped by Loïc Lacasse without a rebound.
6:56 of 3rd period - Dan Fritsche wins face-off versus Cam Atkinson in Rafales zone.
7:05 of 3rd period - Wrist shot by Milan Bartovic.
7:05 of 3rd period - Stopped by Jake Allen without a rebound.
7:06 of 3rd period - Cody McLeod wins face-off versus Derek Stepan in Sasquatch zone.
7:25 of 3rd period - Wrist shot by Milan Bartovic.
7:25 of 3rd period - Stopped by Jake Allen without a rebound.
7:26 of 3rd period - Linus Omark wins face-off versus Mike Sislo in Sasquatch zone.
7:51 of 3rd period - Ryan Ellis is hit by Yann Sauvé and loses puck.
8:00 of 3rd period - Slapshot by Milan Bartovic.
8:00 of 3rd period - Stopped by Jake Allen with a rebound.
8:12 of 3rd period - Wrist shot by Josh Bailey.
8:12 of 3rd period - Shot Blocked by Willie Mitchell.
8:14 of 3rd period - Backhand shot by Andrej Sustr.
8:14 of 3rd period - Stopped by Loïc Lacasse without a rebound.
8:15 of 3rd period - Geoff Paukovich wins face-off versus Drew Shore in Rafales zone.
8:15 of 3rd period - Geoff Paukovich is hit by Teemu Hartikainen.
8:53 of 3rd period - Wrist shot by Cam Atkinson.
8:53 of 3rd period - Stopped by Loïc Lacasse with a rebound.
9:05 of 3rd period - Jonathan Rheault is hit by Linus Omark and loses puck.
9:30 of 3rd period - Vitali Yachmenev is hit by Jayson Megna.
10:06 of 3rd period - Dmitry Kulikov is hit by Andrej Sustr and loses puck.
10:34 of 3rd period - Snap shot by Kevin Porter.
10:34 of 3rd period - Shot Misses the Net.
10:36 of 3rd period - Wrist shot by Linus Omark.
10:36 of 3rd period - Shot Blocked by Dmitry Kulikov.
10:38 of 3rd period - Slapshot by Linus Omark.
10:38 of 3rd period - Shot Blocked by Ryan Ellis.
10:40 of 3rd period - Snap shot by Linus Omark.
10:40 of 3rd period - Shot Blocked by Petr Kalus.
10:46 of 3rd period - Minor Penalty to Dmitry Kulikov for Holding.
10:47 of 3rd period - Cody McLeod wins face-off versus Derek Stepan in Rafales zone.
10:47 of 3rd period - Cody McLeod is hit by Cam Atkinson.
11:01 of 3rd period - Wrist shot by Cam Atkinson.
11:01 of 3rd period - Stopped by Loïc Lacasse without a rebound.
11:02 of 3rd period - Derek Stepan wins face-off versus Cody McLeod in Rafales zone.
12:26 of 3rd period - Slapshot by Bruno Gervais.
12:26 of 3rd period - Stopped by Jake Allen without a rebound.
12:27 of 3rd period - Derek Stepan wins face-off versus Carl Klingberg in Sasquatch zone.
12:46 of 3rd period - Penalty to Dmitry Kulikov is over, Dmitry Kulikov is back on ice.
13:39 of 3rd period - Snap shot by Johan Ryno.
13:39 of 3rd period - Stopped by Jake Allen without a rebound.
13:40 of 3rd period - Derek Stepan wins face-off versus Dan Fritsche in Sasquatch zone.
14:26 of 3rd period - Backhand shot by Drew Shore.
14:26 of 3rd period - Deflect By Teemu Hartikainen.
14:26 of 3rd period - Shot Misses the Net.
14:26 of 3rd period - Puck is out of play.
14:27 of 3rd period - Petr Kalus wins face-off versus Drew Shore in Rafales zone.
14:42 of 3rd period - Snap shot by Jonathan Blum.
14:42 of 3rd period - Deflect By Drew Shore.
14:42 of 3rd period - Deflect By Dmitry Kulikov.
14:42 of 3rd period - Shot Misses the Net.
14:42 of 3rd period - Puck is out of play.
14:43 of 3rd period - Dan Fritsche wins face-off versus Derek Stepan in Rafales zone.
14:50 of 3rd period - Snap shot by Jonathan Blum.
14:50 of 3rd period - Deflect By Josh Bailey.
14:50 of 3rd period - Stopped by Loïc Lacasse with a rebound.
15:08 of 3rd period - Kevin Porter is hit by Tim Crowder and loses puck.
15:50 of 3rd period - Snap shot by Carl Klingberg.
15:50 of 3rd period - Stopped by Jake Allen with a rebound.
16:09 of 3rd period - Dan Fritsche is hit by Jonathan Blum.
16:37 of 3rd period - Tim Crowder is hit by Jonathan Blum and loses puck.
16:53 of 3rd period - Minor Penalty to Mike Sislo for Boarding.
16:54 of 3rd period - Derek Stepan wins face-off versus Cody McLeod in Rafales zone.
16:57 of 3rd period - Wrist shot by Cam Atkinson.
16:57 of 3rd period - Shot Misses the Net.
17:01 of 3rd period - Snap shot by Derek Stepan.
17:01 of 3rd period - Stopped by Loïc Lacasse without a rebound.
17:02 of 3rd period - Cody McLeod wins face-off versus Jason Akeson in Rafales zone.
17:13 of 3rd period - Willie Mitchell is hit by Cam Atkinson and loses puck.
17:20 of 3rd period - Wrist shot by Derek Stepan.
17:20 of 3rd period - Shot Misses the Net.
17:22 of 3rd period - Snap shot by Jason Akeson.
17:22 of 3rd period - Stopped by Loïc Lacasse with a rebound.
17:24 of 3rd period - Snap shot by Cam Atkinson.
17:24 of 3rd period - Shot Blocked by Bruno Gervais.
18:03 of 3rd period - Snap shot by Yann Sauvé.
18:03 of 3rd period - Shot Blocked by Michael Bournival.
18:05 of 3rd period - Snap shot by Cam Atkinson.
18:05 of 3rd period - Shot Misses the Net.
18:07 of 3rd period - Wrist shot by Derek Stepan.
18:07 of 3rd period - Goal by Derek Stepan - Rafales : 6 - Sasquatch : 4.
18:08 of 3rd period - Stephane Da Costa wins face-off versus Petr Kalus in neutral zone.
18:18 of 3rd period - Slapshot by Ryan Ellis.
18:18 of 3rd period - Shot Blocked by Stephane Da Costa.
18:20 of 3rd period - Snap shot by Jeff Skinner.
18:20 of 3rd period - Shot Misses the Net.
18:22 of 3rd period - Backhand shot by Dmitry Kulikov.
18:22 of 3rd period - Deflect By Jonathan Rheault.
18:22 of 3rd period - Shot Misses the Net.
18:22 of 3rd period - Puck is out of play.
18:23 of 3rd period - Stephane Da Costa wins face-off versus Jayson Megna in Sasquatch zone.
18:30 of 3rd period - Vitali Yachmenev is hit by Bruno Gervais and loses puck.
18:39 of 3rd period - Snap shot by Carl Klingberg.
18:39 of 3rd period - Shot Blocked by Filip Novak.
19:05 of 3rd period - Off-side.
19:06 of 3rd period - Cam Atkinson wins face-off versus Dan Fritsche in neutral zone.
19:13 of 3rd period - Slapshot by Cam Atkinson.
19:13 of 3rd period - Shot Misses the Net.
Goals for this period are 0 for Rafales vs 1 for Sasquatch.
Shots for this period are 11 for Rafales vs 14 for Sasquatch.
Back to the Top